 Dungeon Crawl Stone Soup version 0.14-a0-1169-g4815781 (webtiles) character file.

29625 4tharraofdagon the Carver (level 13, -6/105 (106) HPs)
             Began as a Centaur Artificer on Nov 28, 2013.
             Was an Elder of the Shining One.
             Mangled by a boring beetle (23 damage)
             ... on Level 10 of the Dungeon on Nov 29, 2013.
             The game lasted 01:14:47 (10490 turns).

4tharraofdagon the Carver (Centaur Artificer)      Turns: 10490, Time: 01:14:47

HP  -6/105 (106) AC 17     Str 20      XL: 13   Next:  8%
MP  20/20        EV  3     Int 11      God: the Shining One [****..]
Gold 1374        SH 24     Dex 11      Spells:  1 memorised, 17 levels left

rFire  . . .     SeeInvis .     X - +2,+4 scimitar (flame)
rCold  . . .     Clarity  +     k - +2 ring mail
rNeg   + + +     Conserve .     M - +2 shield
rPois  +         rCorr    .     S - +0 helmet
rElec  .         rRot     .     W - +0 cloak
SustAb . .       Spirit   .     (no gloves)
rMut   .         Warding  .     a - +0 centaur barding
Saprov . . .     Stasis   .     L - amulet of faith
                                r - +4 ring of strength
                                b - cursed ring of positive energy

@: glowing, very quick, somewhat resistant to hostile enchantments, extremely
unstealthy
A: hooves 3, blurry vision 1, clarity, deformed body, herbivore 1, speed 2, fast
metabolism 1, low mp 1, poison resistance, tough skin 3, weak 1
a: Divine Shield, Cleansing Flame, Renounce Religion


You were on level 10 of the Dungeon.
You worshipped the Shining One. the Shining One was greatly pleased with you.
You were not hungry.

You visited 2 branches of the dungeon, and saw 21 of its levels.
You also visited: Ice Cave.

You collected 1374 gold pieces.

Inventory:

Hand weapons
 j - a +2,+2 orcish falchion
 m - a +0,+0 falchion of holy wrath
 q - a +2,+1 long sword of slicing
 s - the +10,+6 trident of Blood-Lust {speed, +Inv rF+ SInv Stlth+, unknown}
   (You found it on level 7 of the Lair of Beasts)

   Attacks with this weapon take half as long, but cause slightly less damage.
   It protects you from fire.
   It enhances your eyesight.
   It lets you turn invisible.
   It makes you much more stealthy.
 t - a +0,+0 great sword
 F - a +0,+2 whip of distortion
 X - a +2,+4 scimitar of flaming (weapon)
Missiles
 K - 4 javelins (quivered)
Armour
 a - a +0 centaur barding (worn)
 k - a +2 ring mail (worn)
 M - a +2 shield (worn)
 S - a +0 helmet (worn)
 W - a +0 cloak (worn)
Magical devices
 u - a wand of lightning (0)
 w - a wand of polymorph (6)
 C - a wand of fire (7)
 I - a wand of paralysis (11)
 N - a wand of teleportation (3)
 Y - a wand of confusion (5)
Comestibles
 f - 12 bread rations
 E - 6 meat rations
 U - 2 apricots
Scrolls
 c - a scroll of vulnerability {unknown}
 e - a scroll of enchant weapon I {unknown}
 g - 2 scrolls of amnesia
 h - a scroll of fog
 l - 6 scrolls of remove curse
 o - 3 scrolls of blinking
 x - a scroll of summoning {unknown}
 y - 4 scrolls of immolation
 z - a scroll of recharging
 D - 2 scrolls of fear
 H - 3 scrolls of magic mapping
Jewellery
 b - a cursed ring of positive energy (left hand)
 i - an uncursed ring of fire
 r - a +4 ring of strength (right hand)
 v - an uncursed ring of protection from magic
 J - an uncursed ring of ice
 L - an amulet of faith (around neck)
 O - an uncursed ring of wizardry
 R - a cursed amulet of clarity
 Z - an uncursed ring of sustain abilities
Potions
 n - 3 potions of brilliance
 p - 2 potions of might
 A - 5 potions of curing
 B - a potion of agility
 G - 3 potions of restore abilities
 P - a potion of cure mutation
 Q - a potion of flight
 V - a potion of heal wounds
Miscellaneous
 T - a plain deck of war


   Skills:
 + Level 9.8 Fighting
   Level 0.8 Short Blades
 * Level 12.3 Long Blades
 + Level 7.3 Armour
 - Level 1.3 Dodging
 - Level 0.5 Stealth
 - Level 3.0 Spellcasting
 + Level 6.4 Translocations
 - Level 9.0 Invocations
 - Level 2.6 Evocations


You had 17 spell levels left.
You knew the following spells:

 Your Spells              Type           Power        Failure   Level  Hunger
a - Apportation           Tloc           ###.......   24%         1    #......


Dungeon Overview and Level Annotations

Branches:
Dungeon (13/16)            Temple (0/1) D:7             Orc (0/4) D:12
   Lair (8/8) D:10          Swamp (0/5) Lair:6        Snake (0/5) Lair:4
  Slime (0/6) Lair:6

Altars:
Makhleb
Trog
Xom
the Shining One
Jiyva

Shops:
D:12 (

Portals:
Hell: Lair:8
Ziggurat: D:8 (3020 gp)

Annotations:
D:7 exclusion: oklob sapling
D:8 Eustachio, Joseph
D:10 Fannar
D:12 Josephine
D:13 Grum
Lair:2 Tolias' ghost, experienced HESk
Lair:5 Snorg
Lair:6 exclusion: upstairs


Innate Abilities, Weirdness & Mutations

You have hooves in place of feet.
Armour fits poorly on your strangely shaped body.
You digest meat inefficiently.
You cover ground very quickly.
You have a fast metabolism.
You have extremely tough skin (AC +3).
Your vision is a little blurry.
You possess an exceptional clarity of mind.
Your magical capacity is low (-10% MP).
Your system is resistant to poisons.
You are weak. (Str -2)


Message History

You kick the boring beetle, but do no damage.
The boring beetle is lightly wounded.
You hit the boring beetle. You burn the boring beetle.
The boring beetle is moderately wounded.
The boring beetle barely misses you.
You hit the boring beetle but do no damage.
You kick the boring beetle, but do no damage.
The boring beetle is moderately wounded.
You hit the boring beetle but do no damage.
The boring beetle is moderately wounded.
The boring beetle bites you!
* * * LOW HITPOINT WARNING * * *
You are too injured to fight recklessly!
You are too injured to fight recklessly!
You are too injured to fight recklessly!
You hit the boring beetle but do no damage.
You kick the boring beetle.
The boring beetle is heavily wounded.
The boring beetle bites you!
You die...

# .#. #..###...#.
.#.. ##.##..#...
##..# ##.#.....#
#...#######.#...##
#.................
##.....###.........
#.........#...#.#.. #
#.......#..##....#
#..#@.........#.##...
#.B...#......#..#.##
#..#.....#...##....#.
#.###.......#...#...#
..#
#..#.........#....
#..
#..#......%#...... .
#.#..#...)..#.#.##
###.#......#.##.#
#......>.#.##.##


You could see a boring beetle.

Vanquished Creatures
  4 hydras
  4 death yaks (Lair:6)
  Erica (D:11)
  A wizard (Lair:8)
  A hill giant (D:10)
  2 black mambas
  An orange demon (Lair:8)
  An item mimic (Lair:6)
  Psyche (D:12)
  A smoke demon (Lair:8)
  4 fire drakes
  10 spiny frogs
  4 hellwings (Lair:8)
  2 komodo dragons
  A troll (D:13)
  12 blink frogs
  A grizzly bear (Lair:8)
  A basilisk (Lair:6)
  A vampire (D:13)
  A human (D:8)
  A wyvern (D:13)
  7 yaks
  A hungry ghost (D:9)
  A merfolk (D:8)
  2 sharks (Lair:4)
  16 wolves
  4 hippogriffs
  8 porcupines
  2 necrophages
  2 sky beasts (D:9)
  8 ice beasts (D:13)
  A giant goldfish (Lair:4)
  2 centaurs
  5 ogres
  3 killer bees (D:9)
  A big kobold (D:9)
  7 crocodiles
  3 rotting devils (Lair:8)
  A brain worm (D:12)
  3 giant slugs
  13 giant frogs
  10 water moccasins
  3 agate snails
  A cyclops skeleton (D:12)
  An electric eel (Lair:4)
  2 jellyfish (Lair:4)
  5 wights (D:8)
  A jelly (D:10)
  A yak skeleton (D:8)
  6 crimson imps
  A goliath beetle (D:9)
  A giant frog zombie (D:6)
  10 hounds
  2 orc priests
  4 big fish (Lair:4)
  3 iguanas
  3 scorpions
  5 sheep (Lair:4)
  5 worker ants
  5 orc wizards
  3 giant centipedes
  29 green rats
  An inept item mimic (D:2)
  18 adders
  5 giant mites
  3 worms
  An adder zombie (D:7)
  An iguana skeleton (D:7)
  A giant eyeball (D:5)
  6 giant geckos
  2 oozes
  31 orcs
  11 bats
  A bat zombie (D:6)
  6 goblins
  12 hobgoblins
  4 jackals
  17 kobolds
  2 quokkas
  2 ball pythons (D:3)
  2 giant cockroaches
  6 giant newts
  A giant spore (D:12)
  A hobgoblin skeleton (D:7)
  16 rats
  3 ballistomycetes
399 creatures vanquished.

Vanquished Creatures (collateral kills)
  A naga (D:8)
  2 killer bees (D:9)
  A jelly (D:8)
  A giant cockroach (D:4)
  A goblin (D:4)
6 creatures vanquished.

Vanquished Creatures (others)
  2 giant spores
  3 fungi (Lair:8)
  5 plants
10 creatures vanquished.

Grand Total: 415 creatures vanquished

Notes
Turn   | Place    | Note
--------------------------------------------------------------
     0 | D:1      | 4tharraofdagon, the Centaur Artificer, began the quest for the Orb.
     0 | D:1      | Reached XP level 1. HP: 17/17 MP: 1/1
   142 | D:1      | Reached XP level 2. HP: 7/24 MP: 2/2
   383 | D:2      | Reached skill level 1 in Armour
   393 | D:2      | Reached XP level 3. HP: 8/29 MP: 4/4
   402 | D:2      | Gained mutation: Your system is resistant to poisons. [potion of mutation]
   402 | D:2      | Gained mutation: Your vision is a little blurry. [potion of mutation]
   402 | D:2      | Gained mutation: Your magical capacity is low (-10% MP). [potion of mutation]
   414 | D:2      | timbw: blurry
   417 | D:2      | timbw: god
   436 | D:2      | timbw: crawl needs new bad mutations
   459 | D:2      | timbw: its always the same ones
   462 | D:2      | timbw: its so boring
   617 | D:3      | 4tharraofdagon: im joining
   617 | D:3      | 4tharraofdagon: first god
   649 | D:3      | Reached skill level 1 in Long Blades
   660 | D:3      | Daniel: yred
   660 | D:3      | timbw: its gonna be nem
   674 | D:3      | Found a glowing golden altar of the Shining One.
   674 | D:3      | Found a bloodstained altar of Trog.
   675 | D:3      | 4tharraofdagon: tso
   675 | D:3      | timbw: or not
   675 | D:3      | Daniel: which is the first
   675 | D:3      | 4tharraofdagon: tso
   678 | D:3      | Became a worshipper of the Shining One
   796 | D:4      | Noticed a giant frog
   808 | D:4      | Killed a giant frog
   808 | D:4      | Reached XP level 4. HP: 14/37 MP: 3/3
   810 | D:4      | Reached skill level 3 in Fighting
   810 | D:4      | Reached XP level 5. HP: 15/42 MP: 5/5
   891 | D:4      | Noticed an ogre
   903 | D:4      | Was placed under penance by the Shining One
  1105 | D:4      | Killed an ogre
  1108 | D:5      | Entered Level 5 of the Dungeon
  1120 | D:5      | Reached XP level 6. HP: 37/50 MP: 6/6
  1216 | D:5      | timbw: tso is such a bitch
  1246 | D:5      | Was forgiven by the Shining One
  1273 | D:5      | Bastard: why are you even tso earlygame
  1516 | D:6      | 4tharraofdagon: dis dive
  1542 | D:6      | Bastard: oh man
  1709 | D:6      | Reached skill level 4 in Fighting
  1729 | D:6      | Reached XP level 7. HP: 41/57 MP: 7/7
  1878 | D:7      | Found a staircase to the Ecumenical Temple.
  1878 | D:7      | Acquired the Shining One's first power
  2374 | D:8      | Reached skill level 5 in Long Blades
  2458 | D:8      | Reached skill level 5 in Fighting
  2474 | D:8      | Reached XP level 8. HP: 43/66 MP: 8/8
  2576 | D:8      | 4tharraofdagon: thats what i needed
  2633 | D:8      | Noticed Joseph
  2699 | D:9      | Reached skill level 6 in Long Blades
  3014 | D:9      | Reached skill level 7 in Long Blades
  3092 | D:9      | Reached XP level 9. HP: 33/72 MP: 9/9
  3369 | D:8      | Noticed Eustachio
  3455 | D:8      | Noticed a merfolk
  3455 | D:8      | Acquired the Shining One's second power
  3493 | D:8      | timbw: what
  3500 | D:8      | timbw: merfolk own naga
  3505 | D:8      | timbw: would never have called that
  3507 | D:8      | Noticed a human
  3539 | D:8      | a human (ally) was killed
  3540 | D:8      | Killed a merfolk
  3602 | D:8      | Learned a level 1 spell: Apportation
  3729 | D:8      | Found a gateway to a ziggurat.
  3926 | D:10     | Entered Level 10 of the Dungeon
  3926 | D:10     | Noticed Fannar
  3972 | D:10     | Reached skill level 1 in Invocations
  4167 | D:11     | Found a shimmering altar of Xom.
  4175 | D:11     | Noticed Erica
  4194 | D:11     | Killed Erica
  4194 | D:11     | Reached skill level 8 in Long Blades
  4194 | D:11     | Reached skill level 1 in Spellcasting
  4194 | D:11     | Reached skill level 1 in Translocations
  4238 | D:11     | Noticed a hill giant
  4497 | D:13     | Found a frozen archway.
  4505 | D:13     | Reached XP level 10. HP: 25/81 MP: 11/11
  4507 | D:13     | Reached skill level 5 in Armour
  4549 | D:13     | Noticed a hill giant
  4553 | D:13     | Upgraded the game from 0.14-a0-1097-gc7db7fc to 0.14-a0-1169-g4815781
  4683 | IceCv    | Entered an ice cave
  4716 | IceCv    | Was placed under penance by the Shining One
  4928 | D:13     | Noticed Grum
  4940 | D:13     | Reached skill level 5 in Invocations
  5031 | D:13     | Noticed a hill giant
  5146 | D:12     | Reached skill level 9 in Long Blades
  5162 | D:12     | Found Trelenes' Weapon Shoppe.
  5174 | D:12     | Noticed Psyche
  5181 | D:12     | Killed Psyche
  5194 | D:12     | Found a staircase to the Orcish Mines.
  5342 | D:12     | Paralysed by a giant eyeball for 4 turns
  5410 | D:12     | Noticed Josephine
  5473 | D:10     | Noticed a hill giant
  5722 | D:10     | Noticed a hill giant
  5733 | D:10     | Found a staircase to the Lair.
  5741 | Lair:1   | Entered Level 1 of the Lair of Beasts
  5923 | Lair:2   | Noticed a black mamba
  5923 | Lair:2   | Was forgiven by the Shining One
  5930 | Lair:2   | Killed a black mamba
  5981 | Lair:1   | Noticed a five-headed hydra
  5998 | Lair:2   | Noticed Tolias' ghost (experienced HESk)
  6309 | Lair:4   | Reached XP level 11. HP: 39/89 MP: 12/16
  6354 | Lair:4   | Found a staircase to the Snake Pit.
  6917 | Lair:5   | Noticed a five-headed hydra
  6973 | Lair:5   | Noticed Snorg
  7040 | Lair:6   | Found a staircase to the Swamp.
  7182 | Lair:6   | Reached skill level 10 in Long Blades
  7411 | Lair:6   | Noticed an eight-headed hydra
  7413 | Lair:6   | Noticed a death yak
  7722 | Lair:7   | Noticed a four-headed hydra
  7730 | Lair:7   | Killed a hydra
  7754 | Lair:7   | Got a bloodstained trident
  8389 | Lair:8   | Entered Level 8 of the Lair of Beasts
  8481 | Lair:8   | Reached XP level 12. HP: 80/99 MP: 16/19
  8596 | Lair:8   | Noticed a dire elephant
  8681 | Lair:8   | Noticed a four-headed hydra
  8695 | Lair:8   | Killed a hydra
  8695 | Lair:8   | Reached skill level 11 in Long Blades
  8706 | Lair:8   | Reached skill level 5 in Translocations
  8739 | Lair:8   | Noticed a wizard
  8745 | Lair:8   | Killed a wizard
  8858 | Lair:8   | Found a burning altar of Makhleb.
  9054 | Lair:8   | Acquired the Shining One's third power
  9169 | Lair:8   | Noticed a sun demon
  9221 | Lair:8   | Found a gateway to Hell.
  9456 | Lair:6   | Found a viscous altar of Jiyva.
  9457 | Lair:6   | Found a staircase to the Slime Pits.
  9656 | Lair:6   | Noticed a death yak
  9657 | Lair:6   | Noticed a death yak
  9657 | Lair:6   | Noticed a death yak
  9664 | Lair:6   | Killed a death yak
  9669 | Lair:6   | Killed a death yak
  9672 | Lair:6   | Killed a death yak
  9677 | Lair:6   | Killed a death yak
  9687 | Lair:6   | Killed a five-headed hydra
  9836 | Lair:5   | Reached skill level 12 in Long Blades
  9913 | Lair:5   | a five-headed hydra changed into a spiny worm
 10055 | Lair:3   | Noticed a four-headed hydra
 10065 | Lair:3   | Killed a hydra
 10136 | Lair:3   | Gained mutation: You are weak. (Str -2) [potion of mutation]
 10136 | Lair:3   | Gained mutation: You possess an exceptional clarity of mind. [potion of mutation]
 10159 | Lair:3   | Reached XP level 13. HP: 98/105 MP: 18/20
 10471 | D:10     | Killed a hill giant
 10490 | D:10     | Mangled by a boring beetle

Action                   |  1- 3 |  4- 6 |  7- 9 | 10-12 | 13-15 || total
-------------------------+-------+-------+-------+-------+-------++-------
Melee: Short sword       |    64 |       |       |       |       ||    64
       Falchion          |    36 |    31 |   188 |    34 |       ||   289
       Long sword        |       |    89 |   109 |       |       ||   198
       Scimitar          |       |       |    24 |   625 |    54 ||   703
Throw: Throwing net      |       |     2 |     1 |       |       ||     3
       Javelin           |       |       |     4 |     3 |       ||     7
       Tomahawk          |       |       |     3 |     1 |       ||     4
Invok: Divine Shield     |       |       |     1 |    14 |     1 ||    16
       Cleansing Flame   |       |       |       |     1 |       ||     1
Evoke: Wand              |    13 |    15 |    20 |    10 |     1 ||    59
  Use: Potion            |     7 |       |     4 |     8 |       ||    19
       Scroll            |       |       |     8 |    17 |       ||    25
